 Dungeon Crawl Stone Soup version 0.29-a0-857-g9b1aa3ac5b (webtiles) character file.

Game seed: 14781566498717389932

868 concernfroge the Fighter (level 7, 0/64 HPs)
             Began as a Mummy Monk on July 16, 2022.
             Was an Initiate of Gozag.
             Slain by a wight
             ... wielding a +0 hand axe
              (5 damage)
             ... on level 5 of the Dungeon on July 17, 2022.
             The game lasted 00:14:33 (4837 turns).

concernfroge the Fighter (Mummy Monk)               Turns: 4837, Time: 00:14:33

Health: 0/64       AC: 14    Str: 17    XL:     7   Next: 73%
Magic:  7/7        EV:  5    Int:  9    God:    Gozag
Gold:   217        SH:  0    Dex: 14    Spells: 6/6 levels left

rFire   . . .      SeeInvis .   b - +3 battleaxe
rCold   . . .      Faith    .   (shield currently unavailable)
rNeg    + + +      Spirit   .   n - +1 plate armour
rPois   ∞          Reflect  .   f - +2 helmet
rElec   .          Harm     .   (no cloak)
rCorr   .          Rampage  .   (no gloves)
Will    .....                   (no boots)
Stlth   ..........              (no amulet)
HPRegen 0.20/turn               h - ring of fire
MPRegen 0.10/turn               (no ring)

@: gold aura
A: cold resistance 1, negative energy resistance 3, torment resistance 2, heat
vulnerability 1, in touch with death 1, no potions
a: Renounce Religion, Potion Petition, Call Merchant, Bribe Branch


You were on level 5 of the Dungeon.
You worshipped Gozag.
Gozag was aware of your devotion.
You visited 2 branches of the dungeon, and saw 6 of its levels.

You collected 217 gold pieces.

Inventory:

Hand Weapons
 b - a +3 battleaxe (weapon)
 j - a +1 great sword
Armour
 f - a +2 helmet (worn)
 k - the +2 buckler of the Hall of Blades {Dex+2}
   (You found it on level 3 of the Dungeon)

   Dex:       It affects your dexterity (+2).
 n - a +1 plate armour (worn)
Jewellery
 h - a ring of fire (left hand)
Scrolls
 a - a scroll of identify
 e - a scroll of amnesia
 g - 2 scrolls of magic mapping
 i - 2 scrolls of noise
 l - a scroll of immolation


   Skills:
 + Level 9.3 Fighting
 - Level 2.4 Axes
 - Level 2.4 Dodging
 - Level 1.5 Stealth


You had 6 spell levels left.
You didn't know any spells.
Your spell library contained the following spells:

 Spells                   Type           Power      Damage    Failure   Level
 Static Discharge         Conj/Air       0%         3-3/arc   100%        2
 Gell's Gravitas          Tloc           0%         N/A       100%        3
 Lesser Beckoning         Tloc           0%         N/A       100%        3
 Stone Arrow              Conj/Erth      0%         3d7       100%        3
 Teleport Other           Tloc           0%         N/A       100%        3
 Animate Armour           Summ/Erth      0%         N/A       100%        4
 Lightning Bolt           Conj/Air       0%         1d11      100%        5
 Lehudib's Crystal Spear  Conj/Erth      0%         10d2      100%        8
 Maxwell's Capacitive Co  Air            0%         ∞         100%        8


Dungeon Overview and Level Annotations

Branches:
Dungeon (5/15)             Temple (1/1) D:5

Altars:
Ashenzari
Cheibriados
Dithmenos
Fedhas
Gozag
Hepliaklqana
Kikubaaqudgha
Makhleb
Nemelex Xobeh
Okawaru
Qazlal
Ru
Trog
Uskayaw
Vehumet
Wu Jian
Xom


Innate Abilities, Weirdness & Mutations

You are immune to poison.
Your flesh is cold resistant. (rC+)
You are immune to negative energy. (rN+++)
You are immune to unholy pain and torment.
You are vulnerable to heat. (rF-)
You are in touch with the powers of death.
You do not drink.


Message History

2 wights come into view.
The black bear growls angrily.
A wight comes into view. It is wielding a +2 long sword.
As you read the scroll of magic mapping, it crumbles to dust.
You feel aware of your surroundings.
You sensed 1 altar.
The wight hits you with a +5 flail! The wight hits you with a +5 flail.
* * * LOW HITPOINT WARNING * * *
The wight attacks as you move away! The wight hits you but does no damage.
Okay, then.
As you read the scroll of fear, it crumbles to dust.
You assume a fearsome visage.
The wight is unaffected.
The black bear looks frightened!
The wight hits you but does no damage.
You slash the wight!
The wight is almost destroyed.
The wight barely misses you. The wight hits you but does no damage.
You closely miss the wight.
The wight is almost destroyed.
The wight hits you with a +5 flail.
* * * LOW HITPOINT WARNING * * *
You closely miss the wight.
The wight is almost destroyed.
The wight hits you with a +5 flail!
* * * LOW HITPOINT WARNING * * *
The wight hits you but does no damage.
You slice the wight!!
You destroy the wight!
The black bear seems to regain its courage.
You barely miss the wight. The wight barely misses you.
The wight hits you with a +0 hand axe.
* * * LOW HITPOINT WARNING * * *
A wight comes into view. It is wielding a +4 falchion.
Okay, then.
You barely miss the wight. The wight barely misses you.
The wight hits you but does no damage.
You slash the wight!
The wight is severely damaged.
The wight hits you with a +0 hand axe.
You die...
Your body crumbles into a pile of gold.

***,*******$***#..,,,,*,,,,,*,*
,*,,*,,,,,,,,**♣.####**,**,,*,*
,*,**,,,,,*,*,*♣....,,,,,#.,*,*
**,,,*,,,,,*,,*#...#,,,,...,*,*
***,*,,,,,,*,**#.z.#.....#.**,*
,***,,,,,****,,#...#...z..,,,,*
*,*,,,,,,,,,*,*♣zh.##..###,****
,*,,,,,,,,,,**,♣z#...<...#,,,,*
*,,,,,,,,,,,**,#@####....####,*
,*,,,,,,,,,,,*,#.#,,........#,*
*,,,,,,,,,,*,*,#.#.###.#.##.#,***
,*,,,,,,,,,,,**#.#.......##.#,,,,
*,,,*≈*≈,,,,*,*♣.#####.#....#***,
,,,,*,≈,,,,.,**♣.....))#.#### *,
*,,*,≈≈≈,,,..♣♣♣#####..#.#######,
,,,,≈≈≈*,,,.....### #..#.......#.
,,,≈**≈≈*,,,♣.....###..#######.##


You could see a black bear and 3 wights.

Vanquished Creatures
  Grinder (D:3)
  An ogre (D:5)
  2 necrophages
  A scorpion (D:4)
  A wight (D:5)
  An orc priest (D:3)
  A hound (D:5)
  2 jellies (D:5)
  Jessica (D:2)
  2 iguanas (D:4)
  5 adders
  A shadow imp (D:5)
  A white imp (D:5)
  2 dart slugs (D:1)
  15 orcs
  3 bats
  9 endoplasms
  3 giant cockroaches
  7 goblins
  8 hobgoblins
  2 jackals (D:1)
  9 quokkas
  5 ball pythons
  5 frilled lizards
  4 kobolds
  8 rats
100 creatures vanquished.

Vanquished Creatures (others)
  54 plants (D:5)
54 creatures vanquished.

Grand Total: 154 creatures vanquished

Notes
Turn   | Place    | Note
-------+----------+-------------------------------------------
     0 | D:1      | concernfroge the Mummy Monk began the quest for the Orb.
     0 | D:1      | Reached XP level 1. HP: 18/18 MP: 1/1
   153 | D:1      | Reached XP level 2. HP: 19/24 MP: 2/2
   664 | D:1      | Found a faded altar of an unknown god.
   811 | D:1      | Reached skill level 4 in Fighting
   990 | D:1      | Gained mutation: You are in touch with the powers of death.
                  | [Mummy growth]
   990 | D:1      | Reached XP level 3. HP: 30/30 MP: 3/3
  1601 | D:2      | Noticed Jessica
  1605 | D:3      | Found an ornate altar of the Wu Jian Council.
  1609 | D:3      | Identified the +2 buckler of the Hall of Blades {Dex+2}
  1854 | D:2      | Found a shadowy altar of Dithmenos.
  1955 | D:2      | Killed Jessica
  1956 | D:2      | Reached skill level 5 in Fighting
  1956 | D:2      | Reached XP level 4. HP: 18/39 MP: 4/4
  2646 | D:3      | Found a blossoming altar of Fedhas.
  2759 | D:3      | Reached XP level 5. HP: 39/46 MP: 5/5
  2852 | D:3      | Reached skill level 6 in Fighting
  3082 | D:3      | Noticed Grinder
  3087 | D:3      | Paralysed by Grinder for 2 turns
  3091 | D:3      | Paralysed by Grinder for 5 turns
  3102 | D:3      | Killed Grinder
  3103 | D:3      | Reached skill level 7 in Fighting
  3103 | D:3      | Reached XP level 6. HP: 36/55 MP: 6/6
  3311 | D:3      | Found a stormy altar of Qazlal.
  3646 | D:4      | Reached skill level 8 in Fighting
  3646 | D:4      | Reached XP level 7. HP: 58/62 MP: 7/7
  4211 | D:5      | Entered Level 5 of the Dungeon
  4224 | D:5      | Found a staircase to the Ecumenical Temple.
  4230 | Temple   | Entered the Ecumenical Temple
  4406 | Temple   | Became a worshipper of Gozag Ym Sagoz the Greedy
  4821 | D:5      | Reached skill level 9 in Fighting
  4837 | D:5      | Slain by a wight

Illustrated notes

Levels and vault maps discovered:
D:1:      minmay_arrival_five_plusses, layout_basic,
          hellmonk_ecumenical_altar_pennies_from_heaven
D:2:      layout_rooms, basic_altar, kennysheep_decorative_pillar, uniq_jessica
D:3:      layout_rooms, lemuel_crystal_altar, mainiacjoe_overflow_alcove_1,
          mainiacjoe_overflow_alcove_2, minivault_26, uniq_grinder
D:4:      layout_basic
D:5:      wad_woods_pond, layout_basic, lemuel_tele_altar, uniq_sigmund,
          uniq_eustachio
Temple:   nicolae_temple_bog_church

Skill      XL: |  1  2  3  4  5  6  7 |
---------------+----------------------+-----
Fighting       | 4 5 7 8 9 |  9.3
Axes           | |  2.4
Dodging        | |  2.4
Stealth        | |  1.5

Action                   |  1- 3 |  4- 6 |  7- 9 || total
-------------------------+-------+-------+-------++-------
Melee: Hand axe          |    97 |       |       ||    97
       Punch             |     1 |       |       ||     1
       Great sword       |    34 |   130 |    27 ||   191
       Battleaxe         |       |       |    30 ||    30
  Use: Scroll            |       |    11 |     7 ||    18
 Stab: Sleeping          |     3 |       |       ||     3
       Fleeing           |       |     1 |       ||     1
Armor: Robe              |     9 |       |       ||     9
       Ring mail         |    35 |    30 |       ||    65
       Chain mail        |       |     8 |       ||     8
       Plate armour      |       |    58 |    58 ||   116
Dodge: Dodged            |   106 |    78 |    23 ||   207

Table legend: (Time is in decaauts)
 A = Elapsed time spent in this place.
 B = Non-inter-level travel time spent in this place.
 C = Inter-level travel time spent in this place.
 D = Time resting spent in this place.
 E = Time spent auto-exploring this place.
 F = Levels seen in this place.
 G = Mean time per level.
                   A        B        C        D        E       F      G
               +--------+--------+--------+--------+--------+-----+--------+
         Total |   5015 |   4849 |    166 |    951 |   2973 |   6 |  835.8 |
       Dungeon |   4820 |   4673 |    147 |    951 |   2808 |   5 |  964.0 |
        Temple |    195 |    176 |     19 |      0 |    165 |   1 |  195.0 |
               +--------+--------+--------+--------+--------+-----+--------+

Top non-repeatable levels by time:
     D:1: 1473 daAuts
     D:3: 1104 daAuts
     D:4: 914 daAuts
     D:2: 871 daAuts
     D:5: 457 daAuts
  Temple: 195 daAuts
